Map: Blackburn LE

Players

MaSa - Winner!

  • Race: Terran Terran

PureLegacy

  • Race: Terran Terran

Event: DreamHack SC2 Masters 2021 Winter

VOD

Have the link to the VOD?

Description

Time

  • Played on: Oct. 6, 2021, 7:10 p.m.
  • Length: 9:32

All games in this series

Show
View Real Time Build Order
Export as new Build Order

MaSa Terran - Winner!

Build Orders:  

Get SALT Encoding   

  12  0:00  SCV  
  13  0:12  SCV  
  14  0:17  Supply Depot  
  14  0:24  SCV  
  15  0:38  SCV  
  15  0:40  Barracks  
  16  0:43  Refinery  
  16  0:49  Refinery  
  16  0:52  SCV  
  17  1:05  SCV  
  18  1:17  SCV  
  19  1:27  Reaper  
  19  1:28  Supply Depot  
  19  1:29  Orbital Command  
  20  1:41  Factory  
  20  1:54  SCV  
  20  1:59  Barracks Reactor  
  21  2:07  SCV  
  22  2:18  Command Center  
  22  2:22  SCV  
  23  2:28  Hellion  
  24  2:34  SCV  
  24  2:35  Reaper x2  
  27  2:45  Supply Depot  
  27  2:49  Hellion, SCV  
  30  2:58  Starport  
  30  3:03  SCV  
  31  3:07  Reaper  
  31  3:08  Reaper  
  35  3:13  Hellion  
  35  3:18  SCV  
  34  3:30  SCV  
  35  3:34  Factory Tech Lab, Orbital Command  
  35  3:38  Starport Tech Lab  
  35  3:42  SCV  
  35  3:44  Marine x2  
  35  3:47  Supply Depot  
  38  3:51  Refinery  
  38  3:54  SCV  
  39  3:58  Cyclone  
  39  4:00  SCV  
  43  4:05  Raven  
  43  4:11  SCV  
  43  4:15  SCV  
  45  4:22  Marine x2  
  45  4:23  SCV  
  43  4:30  Siege Tank  
  45  4:31  SCV  
  45  4:34  Refinery  
  45  4:37  SCV  
  47  4:40  Marine x2  
  47  4:43  SCV  
  50  4:50  SCV  
  50  4:52  Raven  
  53  4:58  SCV, Marine x2  
  56  5:02  Supply Depot, Command Center  
  57  5:07  SCV  
  56  5:16  SCV  
  56  5:19  Siege Tank  
  60  5:22  SCV  
  62  5:34  SCV  
  62  5:37  Starport, Factory  
  62  5:41  Supply Depot  
  62  5:48  SCV, Barracks Reactor  
  63  5:52  Siege Tank  
  63  5:53  Supply Depot  
  63  5:54  Supply Depot, SCV  
  67  6:00  SCV  
  67  6:01  Viking  
  67  6:03  Viking  
  72  6:08  SCV  
  73  6:21  SCV  
  74  6:29  Viking x2  
  74  6:30  Siege Tank  
  74  6:31  Viking  
  83  6:34  Viking  
  83  6:35  SCV  
  86  6:46  SCV  
  88  6:47  Orbital Command  
  87  6:56  Refinery  
  87  6:59  SCV x2, Refinery, Viking  
  87  7:00  Viking  
  93  7:05  Viking  
  95  7:10  Siege Tank  
  98  7:16  Siege Tank  
  98  7:17  SCV x2  
  98  7:19  SCV  
  104  7:23  Viking  
  106  7:31  SCV x3  
  106  7:36  Supply Depot  
  109  7:37  Supply Depot x2  
  109  7:53  Liberator  
  109  7:57  Siege Tank, Viking x2  
  109  7:58  Viking  
  108  8:05  SCV  
  102  8:07  SCV  
  102  8:11  SCV  
  104  8:17  SCV  
  104  8:19  SCV  
  103  8:21  Siege Tank  
  103  8:26  SCV  
  107  8:27  Liberator x2  
  107  8:29  SCV  
  114  8:40  Viking  
  114  8:41  Liberator  
  119  8:42  SCV  
  119  8:44  SCV  
  119  8:46  SCV  
  122  8:49  Siege Tank  
  122  8:54  Supply Depot, SCV, Command Center  
  126  9:05  SCV  
  127  9:10  SCV  
  127  9:14  SCV  
  127  9:15  Supply Depot  
  127  9:16  Supply Depot  
  135  9:17  Supply Depot  
Show
View Real Time Build Order
Export as new Build Order

PureLegacy Terran 

Build Orders:  

Get SALT Encoding   

  12  0:00  SCV  
  13  0:12  SCV  
  14  0:17  Supply Depot  
  14  0:24  SCV  
  15  0:39  SCV  
  15  0:40  Barracks  
  16  0:44  Refinery  
  16  0:51  SCV  
  16  0:53  Refinery  
  17  1:03  SCV  
  18  1:15  SCV  
  19  1:27  Reaper, Orbital Command  
  19  1:32  Supply Depot  
  20  1:46  Factory  
  20  1:53  SCV  
  21  2:00  Reaper  
  22  2:05  SCV  
  23  2:18  SCV  
  24  2:29  Command Center  
  24  2:30  SCV  
  24  2:31  Hellion  
  24  2:34  Barracks Reactor  
  27  2:40  Supply Depot  
  27  2:44  SCV  
  27  2:50  Starport  
  28  2:53  Factory Tech Lab  
  28  2:56  SCV  
  29  3:08  SCV  
  29  3:10  Marine x2  
  31  3:20  SCV  
  31  3:24  Cyclone  
  32  3:28  Marine x2  
  32  3:29  Medivac  
  32  3:32  SCV  
  37  3:40  Orbital Command  
  37  3:44  SCV  
  38  3:56  Siege Tank  
  38  3:57  SCV  
  42  4:13  SCV  
  38  4:23  Viking x2  
  40  4:26  SCV  
  40  4:28  SCV  
  42  4:39  SCV  
  42  4:41  SCV  
  44  4:46  Refinery, Command Center  
  44  4:51  SCV  
  45  4:57  Siege Tank  
  45  4:58  SCV  
  49  5:00  Supply Depot  
  49  5:03  SCV  
  50  5:10  SCV  
  50  5:15  SCV  
  50  5:18  Viking x2  
  48  5:22  Supply Depot  
  48  5:23  Refinery  
  48  5:26  SCV  
  48  5:27  SCV  
  50  5:33  Siege Tank  
  53  5:38  SCV  
  53  5:40  SCV  
  55  5:46  Supply Depot  
  55  5:50  SCV  
  55  5:51  Viking x2  
  55  5:52  SCV  
  61  5:57  Orbital Command  
  61  6:02  SCV  
  62  6:04  Engineering Bay  
  62  6:05  Siege Tank  
  62  6:07  SCV  
  66  6:14  SCV  
  66  6:20  SCV  
  66  6:22  Orbital Command  
  68  6:26  SCV  
  68  6:30  Viking x2  
  68  6:32  SCV  
  73  6:33  Supply Depot  
  73  6:38  SCV  
  74  6:44  SCV  
  74  6:47  Missile Turret  
  75  6:48  SCV  
  75  6:50  SCV, Siege Tank  
  80  6:56  SCV  
  80  7:00  SCV  
  82  7:03  SCV  
  82  7:04  Supply Depot, Sensor Tower  
  82  7:08  SCV, Viking x2  
  86  7:12  SCV  
  86  7:13  Refinery  
  86  7:15  SCV, Refinery  
  90  7:20  SCV  
  91  7:27  SCV  
  93  7:31  Starport, Missile Turret  
  93  7:32  Starport  
  93  7:36  Missile Turret  
  92  7:39  Missile Turret  
  92  7:44  Missile Turret  
  79  8:00  Siege Tank, Viking  
  79  8:01  Viking  
  76  8:07  SCV x2  
  76  8:09  Viking x2  
  76  8:11  SCV  
  83  8:19  SCV  
  84  8:23  Missile Turret  
  84  8:27  SCV x2  
  84  8:30  Viking x2  
  84  8:31  SCV  
  89  8:39  Viking x2  
  93  8:51  Cyclone  
  96  9:21  Command Center  

Tags
 
Add a new tag
Caveats
  • Supply blocks, unpowered buildings, or Contaminate may cause inaccurate times.
  • Supply counts are checked every 10 seconds.